 Dungeon Crawl Stone Soup version 0.27.1 (webtiles) character file.

Game seed: 6678897047658401291

1332 MajorAdolf the Skirmisher (level 8, -6/81 HPs)
             Began as a Naga Wanderer on Aug 26, 2021.
             Mangled by a fire elemental (12 damage)
             ... summoned by a deep elf pyromancer
             ... on level 6 of the Dungeon.
             The game lasted 00:08:16 (8006 turns).

MajorAdolf the Skirmisher (Naga Wanderer)           Turns: 8006, Time: 00:08:17

Health: -6/81      AC: 11    Str: 17    XL:     8   Next: 61%
Magic:  8/8        EV:  8    Int: 11    God:
Gold:   233        SH:  0    Dex: 18    Spells: 7/7 levels left

rFire    . . .     SeeInvis +   g - +1 dagger (drain)
rCold    . . .     Faith    .   (no shield)
rNeg     . . .     Spirit   .   c - +2 scale mail
rPois    +         Reflect  .   (no helmet)
rElec    .         Harm     .   (no cloak)
rCorr    .         Rampage  .   s - +1 pair of gloves
Will     ++...                  (no barding)
Stlth    +.........             (no amulet)
HPRegen  0.23/turn              m - +6 ring of dexterity
MPRegen  0.11/turn              A - ring of willpower

@: on fire, glowing, very slow
A: AC +2, large, see invisible, deformed body, poison resistance, slowness 2,
spit poison 1, naga tail 1
a: Spit Poison


You were on level 6 of the Dungeon.
You visited 1 branch of the dungeon, and saw 6 of its levels.

You collected 233 gold pieces.

Inventory:

Hand Weapons
 a - a +0 mace
 g - a +1 dagger of draining (weapon)
Missiles
 h - 120 stones
Armour
 c - a +2 scale mail (worn)
 s - a +1 pair of gloves (worn)
Jewellery
 m - a +6 ring of dexterity (left hand)
 A - a ring of willpower (right hand)
Wands
 u - a wand of iceblast (5)
 z - a wand of acid (10)
 B - a wand of paralysis (9)
Scrolls
 e - a scroll of torment {unknown}
 j - a scroll of acquirement {unknown}
 k - 2 scrolls of vulnerability {unknown}
 l - 3 scrolls of teleportation {unknown}
 n - 2 scrolls of fog {unknown}
 o - 3 scrolls of noise {unknown}
 q - 4 scrolls of identify {unknown}
 r - a scroll of fear {unknown}
 t - a scroll of enchant weapon {unknown}
 x - a scroll of amnesia {unknown}
 y - a scroll of immolation {unknown}
Potions
 b - 6 potions of curing
 d - 4 potions of heal wounds {unknown}
 f - 2 potions of cancellation {unknown}
 i - a potion of brilliance {unknown}
 p - 2 potions of haste {unknown}
 v - a potion of mutation {unknown}
 w - a potion of attraction {unknown}


   Skills:
 + Level 7.8 Fighting
 - Level 1.0 Maces & Flails
 + Level 6.6 Armour
 - Level 1.0 Dodging
 - Level 1.5 Stealth
 - Level 1.0 Evocations


You had 7 spell levels left.
You didn't know any spells.
Your spell library contained the following spells:

 Spells                   Type           Power      Damage    Failure   Level
 Foxfire                  Conj/Fire      0%         2x1d4     71%         1
 Magic Dart               Conj           0%         1d3       71%         1
 Searing Ray              Conj           0%         3d3       85%         2
 Static Discharge         Conj/Air       0%         N/A       85%         2
 Conjure Flame            Conj/Fire      0%         6-21      97%         3
 Inner Flame              Hex/Fire       0%         N/A       97%         3
 Dispel Undead            Necr           0%         3d6       100%        4
 Fulminant Prism          Conj/Hex       0%         3d6       100%        4
 Sticky Flame             Conj/Fire      0%         2d3       100%        4


Dungeon Overview and Level Annotations

Branches:
Dungeon (6/15)
 Temple: D:4-7

Altars:
Ru
Zin

Shops:
D:2 !   D:4 :(((?


Innate Abilities, Weirdness & Mutations

Your serpentine skin is tough. (AC +2)
You have supernaturally acute eyesight. (SInv)
Armour fits poorly on your strangely shaped body.
Your system is resistant to poisons. (rPois)
You cover ground very slowly.
You can spit poison.
You have a snake-like lower body.


Message History

The fire elemental barely misses you.
The deep elf pyromancer gestures at you while chanting.
The sticky flame hits you but does no damage.
You are covered in liquid flames!
The fire elemental hits you. The fire elemental burns you!
Unknown command.
You are covered in liquid flames!
The fire elemental barely misses you.
The deep elf pyromancer mumbles some strange words.
The deep elf pyromancer blinks!
The fire elemental hits you. The fire elemental burns you!
There is an open gate here.
You hit the deep elf pyromancer.
The deep elf pyromancer is severely wounded.
You are covered in liquid flames!
* * * LOW HITPOINT WARNING * * *
The fire elemental hits you. The fire elemental burns you!
* * * LOW HITPOINT WARNING * * *
The deep elf pyromancer hits you with a +0 short sword.
* * * LOW HITPOINT WARNING * * *
You feel better.
You are covered in liquid flames!
* * * LOW HITPOINT WARNING * * *
The fire elemental hits you. The fire elemental burns you!
* * * LOW HITPOINT WARNING * * *
The deep elf pyromancer hits you but does no damage.
You feel better.
You have got your breath back.
The fire elemental closely misses you. The fire elemental hits you.
The fire elemental burns you!
* * * LOW HITPOINT WARNING * * *
The deep elf pyromancer casts a spell at you.
The sticky flame hits you but does no damage.
You are covered in liquid flames!
You hit the deep elf pyromancer.
The deep elf pyromancer is severely wounded.
You are covered in liquid flames!
* * * LOW HITPOINT WARNING * * *
The fire elemental hits you. The fire elemental burns you!
You die...

#..............#.#
######..###########...########
............... #...........
...####........ #...########
##......8######+++#...#
##........... +!..#...#######
............. +...#..........
#...........)+E..#(..##########
##......8######'@'#.............
##.............[e.#...#.########
..................#..>#.#####
.#......###########.........#####
.#.####..........................
.#.####.##.....##.#..##..##.#####
.#.#..........#.................#
.#.#.##.....#............##.#####
.... ..#....# . .........##.#####


You could see a deep elf pyromancer (drained) and a fire elemental (summoned).

Vanquished Creatures
  A water moccasin (D:5)
  2 black bears
  An ice beast (D:5)
  A necrophage (D:6)
  An ogre (D:5)
  A centaur (D:5)
  3 scorpions (D:5)
  A bullfrog zombie (D:4)
  A centaur zombie (D:5)
  2 jellies
  An orc priest (D:3)
  3 iguanas
  2 orc wizards (D:5)
  A howler monkey skeleton (D:5)
  8 adders
  A shadow imp (D:6)
  A white imp (D:5)
  An ufetubus (D:5)
  An adder skeleton (D:4)
  3 worms (D:2)
  5 dart slugs
  13 orcs
  11 ball pythons
  7 endoplasms
  5 giant cockroaches
  11 goblins
  10 hobgoblins
  6 jackals
  9 kobolds
  3 quokkas
  4 bats
  6 frilled lizards
  4 rats (D:1)
130 creatures vanquished.

Vanquished Creatures (others)
  A fungus (D:2)
  A plant (D:2)
2 creatures vanquished.

Grand Total: 132 creatures vanquished

Notes
Turn   | Place    | Note
-------+----------+-------------------------------------------
     0 | D:1      | MajorAdolf the Naga Wanderer began the quest for the Orb.
     0 | D:1      | MajorAdolf set off with the following items: a +0 mace, a
                  | potion of curing, a +2 scale mail
     0 | D:1      | Reached XP level 1. HP: 22/22 MP: 1/1
   108 | D:1      | Reached XP level 2. HP: 31/31 MP: 2/2
   407 | D:1      | Reached XP level 3. HP: 36/37 MP: 3/3
  1240 | D:2      | Found a faded altar of an unknown god.
  1308 | D:2      | Reached XP level 4. HP: 44/45 MP: 4/4
  1311 | D:2      | Found Runlahuu's Distillery.
  2239 | D:3      | Reached XP level 5. HP: 44/51 MP: 5/5
  2573 | D:3      | Found a glowing silver altar of Zin.
  3588 | D:4      | Found Piyve's Magic Scroll Shop.
  3842 | D:4      | Found Catep's Antique Weapon Emporium.
  3889 | D:4      | Reached skill level 5 in Fighting
  3889 | D:4      | Reached XP level 6. HP: 52/61 MP: 6/6
  4021 | D:4      | Found Exzoreiku's Weapon Shoppe.
  4578 | D:4      | Found Qisumemp's Antique Weapon Boutique.
  4738 | D:4      | Found Sacij's Book Emporium.
  4799 | D:4      | Noticed a black bear
  4811 | D:4      | Killed a black bear
  5296 | D:5      | Entered Level 5 of the Dungeon
  5327 | D:5      | Reached XP level 7. HP: 44/68 MP: 7/7
  5509 | D:5      | Reached skill level 5 in Armour
  5975 | D:5      | Reached skill level 6 in Fighting
  6327 | D:5      | Reached XP level 8. HP: 51/78 MP: 8/8
  6512 | D:5      | Reached skill level 7 in Fighting
  7279 | D:6      | Found a sacrificial altar of Ru.
  7993 | D:6      | Noticed a deep elf pyromancer
  8006 | D:6      | Mangled by a fire elemental

Illustrated notes

Levels and vault maps discovered:
D:1:      saegor_arrival_miasma, layout_basic, minmay_pentomino_v4
D:2:      minmay_evil_eye, layout_loops_cross, dreamdust_ecumenical_altar_grove,
          serial_shops, nicolae_diamond_shop
D:3:      layout_basic, mainiacjoe_overflow_chevrons
D:4:      layout_rooms, serial_co_window_serial, co_window_paths_b,
          co_window_paths_a, co_window_of_opportunity_a, co_window_paths_a,
          co_window_paths_b, co_window_corner_a, co_window_paths_a,
          co_window_broadway_a, co_window_broadway_a, co_window_paths_c,
          co_window_of_opportunity_c, co_window_corner_b, co_window_corner_b,
          co_window_paths_d, glass_columns_a, serial_shops, shop_fountains,
          shop, kennysheep_mini_moat, nicolae_shop_crystal, nicolae_square_shop
D:5:      layout_loops_ring, grunt_ministairs_7
D:6:      layout_basic, nicolae_overflow_hidden_temple,
          nicolae_overflow_crystal_walls, nicolae_kikubaaqudgha_miasma_corner,
          temple_statues, st_stairs_14, minmay_misc_feat_chi,
          guppyfry_early_elven_hall

Skill      XL: |  1  2  3  4  5  6  7  8 |
---------------+-------------------------+-----
Armour         | 2 3 4 5 6 |  6.6
Fighting       | 5 6 7 |  7.8
Maces & Flails | |  1.0
Dodging        | |  1.0
Stealth        | |  1.5
Evocations     | |  1.0

Action                   |  1- 3 |  4- 6 |  7- 9 || total
-------------------------+-------+-------+-------++-------
Melee: Mace              |    44 |       |       ||    44
       Dagger            |    43 |   263 |   285 ||   591
 Abil: Spit Poison       |     9 |     8 |     7 ||    24
  Use: Potion            |       |       |     2 ||     2
Armor: Scale mail        |    68 |   150 |   220 ||   438
Dodge: Dodged            |    43 |   100 |   135 ||   278
